 Dungeon Crawl Stone Soup version 0.30.1-11-g7821555f0a (webtiles) character file.

Game seed: 5416118923276102641

28 Jerry the Cudgeller (level 2, 0/28 HPs)
             Began as a Troll Gladiator on Dec 6, 2023.
             Slain by a cerulean imp
             ... wielding a +1 spear
             ... summoned by Natasha
              (4 damage)
             ... on level 2 of the Dungeon.
             The game lasted 00:02:05 (553 turns).

Jerry the Cudgeller (Troll Gladiator)                Turns: 553, Time: 00:02:06

Health: 0/28       AC:  4    Str: 21    XL:     2   Next: 96%
Magic:  1/1        EV: 10    Int:  4    God:
Gold:   15         SH:  0    Dex: 11    Spells: 1/1 levels left

rFire   . . .        a - +0 flail
rCold   . . .        (no shield)
rNeg    . . .        b - +0 robe
rPois   .            c - +0 hat
rElec   .            (no cloak)
rCorr   .            (gloves unavailable)
SInv    .            (boots unavailable)
Will    .....        (no amulet)
Stlth   +            (no ring)
HPRegen 1.04/turn    (no ring)
MPRegen 0.07/turn

%: no passive effects
@: slowed, very slow
A: large, unfitting armour, claws 3, regeneration 1, shaggy fur 1, tough skin 1
a: no special abilities


You were on level 2 of the Dungeon.
You visited 1 branch of the dungeon, and saw 2 of its levels.

You collected 15 gold pieces.

Inventory:

Hand Weapons
 a - a +0 flail (weapon)
Missiles
 d - 3 throwing nets (quivered)
 e - a large rock
 l - 2 atropa-tipped darts
Armour
 b - a +0 robe (worn)
 c - a +0 hat (worn)
Scrolls
 f - 2 scrolls of identify {unknown}
 h - 2 scrolls of teleportation {unknown}
 k - a scroll of enchant weapon {unknown}
 m - a scroll of amnesia {unknown}
 o - a scroll of poison {unknown}
 p - a scroll of immolation {unknown}
Potions
 g - a potion of degeneration {unknown}
 i - a potion of heal wounds {unknown}
 j - 2 potions of magic {unknown}
 n - a potion of attraction {unknown}
 q - a potion of might {unknown}


   Skills:
 + Level 2.0 Fighting
 + Level 3.0 Maces & Flails
 + Level 2.2 Throwing
 + Level 2.7 Dodging


You had one spell level left.
You didn't know any spells.
Your spell library was empty.

Dungeon Overview and Level Annotations

Branches:
Dungeon (2/15)

Altars:

Annotations:
D:2 Natasha


Innate Abilities, Weirdness & Mutations

You are too large for most types of armour.
You have claws for hands.
Your natural rate of healing is unusually fast.
You are covered in fur. (AC +1)
You have tough skin. (AC +1)


Message History

Natasha casts a spell at you.
You feel yourself slow down. The hobgoblin hits you.
Natasha mumbles some strange words.
You sock the hobgoblin!
You kill the hobgoblin!
Natasha barely misses you.
You miss Natasha.
The cerulean imp hits you from afar with a +1 spear.
Natasha stares at you and mumbles some strange words.
You feel as though you will be slow longer.
The hobgoblin barely misses you. The cerulean imp completely misses you.
Natasha stares at you and mumbles some strange words.
You resist with significant effort.
You closely miss Natasha. The hobgoblin hits you.
The cerulean imp hits you from afar with a +1 spear.
Natasha barely misses you.
The cerulean imp hits you from afar with a +1 spear.
The hobgoblin misses you.
You are too injured to fight recklessly!
You are too injured to fight recklessly!
You closely miss Natasha. Natasha closely misses you.
The hobgoblin barely misses you.
The cerulean imp hits you from afar with a +1 spear.
Natasha claws you.
The cerulean imp hits you from afar with a +1 spear.
The hobgoblin misses you.
You sock Natasha!
Natasha is heavily wounded.
Natasha claws you!
* * * LOW HITPOINT WARNING * * *
The hobgoblin hits you.
* * * LOW HITPOINT WARNING * * *
The cerulean imp hits you from afar with a +1 spear.
* * * LOW HITPOINT WARNING * * *
Natasha closely misses you.
You hit Natasha.
Natasha is severely wounded.
The hobgoblin closely misses you.
The cerulean imp hits you from afar with a +1 spear.
You die...

...........#.#
...>.......... ..
#.##.......#.### ##.#
#.##.......#...##...#
#.##.......#........#
......##+#....#.#.#.#
......#.............#.##
......#.......#.#g#.....
#######.........@†......
#.....#.#.#h#.....
#.....#.....5.....
.......#...........
.?......#...?.......
........#...........
.###+#######....####
#....+


You could see Natasha, a cerulean imp (summoned) and a hobgoblin.

Vanquished Creatures
  A dart slug (D:1)
  4 endoplasms
  2 giant cockroaches
  2 goblins
  2 hobgoblins
  2 kobolds (D:1)
  A bat (D:1)
  7 frilled lizards (D:1)
  4 rats (D:1)
25 creatures vanquished.

Notes
Turn   | Place    | Note
-------+----------+-------------------------------------------
     0 | D:1      | Jerry the Troll Gladiator began the quest for the Orb.
     0 | D:1      | Reached XP level 1. HP: 19/19 MP: 0/0
   168 | D:1      | Reached XP level 2. HP: 27/28 MP: 1/1
   506 | D:2      | Reached skill level 3 in Maces & Flails
   544 | D:2      | Noticed Natasha
   553 | D:2      | Slain by a cerulean imp

Illustrated notes

Levels and vault maps discovered:
D:1:      minmay_arrival_up_and_down, layout_rooms, minmay_lizard_king
D:2:      layout_basic, serial_glass, glass_columns_b, glass_columns_c,
          glass_columns_b, glass_columns_b, glass_columns_a, glass_columns_c,
          shapermc_ecumenical_altar_mp_ritualfount, uniq_natasha

Skill      XL: |  1  2 |
---------------+-------+-----
Throwing       | 2 |  2.2
Maces & Flails | 3 |  3.0
Fighting       | 2 |  2.0
Dodging        | |  2.7

Action                     || total
---------------------------++-------
  Melee: Flail             ||    55
         Punch             ||     1
 Armour: Robe              ||     7
  Dodge: Dodged            ||    41
